 Dungeon Crawl Stone Soup version 0.25-a0-294-gea9b1ad378 (webtiles) character file.

Game seed: 12718800765794515408, levelgen mode: classic

51 Borgoz the Skirmisher (level 3, -1/34 HPs)
             Began as a Gargoyle Berserker on Dec 19, 2019.
             Was a Follower of Trog.
             Killed by divine providence
             ... invoked by an orc priest
              (12 damage)
             ... on level 3 of the Dungeon.
             The game lasted 00:01:41 (2072 turns).

Borgoz the Skirmisher (Gargoyle Berserker)          Turns: 2072, Time: 00:01:41

Health: -1/34      AC:  5    Str: 25    XL:     3   Next: 83%
Magic:  3/3        EV: 12    Int:  7    God:    Trog [*.....]
Gold:   114        SH:  0    Dex: 10    Spells: 2/2 levels left

rFire    . . .     SeeInvis .   a - +0 falchion
rCold    . . .     Gourm    +   (no shield)
rNeg     + . .     Faith    .   b - +0 animal skin
rPois    ∞         Spirit   .   (no helmet)
rElec    +         Reflect  .   (no cloak)
rCorr    .         Harm     .   (no gloves)
MR       .....                  (no boots)
Stlth    ..........             h - amulet of the gourmand
HPRegen  0.11/turn              (no ring)
MPRegen  0.08/turn              (no ring)

@: berserking, very quick
A: negative energy resistance 1, electricity resistance, unbreathing,
petrification resistance, rot immunity, AC +3
a: Berserk, Renounce Religion


You were on level 3 of the Dungeon.
You worshipped Trog.
Trog was aware of your devotion.
You were not hungry.

You visited 1 branch of the dungeon, and saw 3 of its levels.

You collected 114 gold pieces.

Inventory:

Hand Weapons
 a - a +0 falchion (weapon)
Armour
 b - a +0 animal skin (worn)
Jewellery
 h - an amulet of the gourmand (around neck)
Scrolls
 d - 5 scrolls of identify {unknown}
 i - 3 scrolls of teleportation {unknown}
 j - a scroll of enchant armour {unknown}
 m - 2 scrolls of amnesia {unknown}
 n - a scroll of immolation {unknown}
 o - 2 scrolls of fear {unknown}
 q - a scroll of remove curse {unknown}
Potions
 e - a potion of invisibility {unknown}
 f - a potion of agility {unknown}
 g - a potion of lignification {unknown}
 k - a potion of haste {unknown}
 l - a potion of heal wounds {unknown}
Comestibles
 c - 4 rations


   Skills:
 - Level 3.2 Fighting
 + Level 3.2 Long Blades
 + Level 3.1 Armour
 + Level 2.2 Dodging


You had 2 spell levels left.
You didn't know any spells.
Your spell library was empty.

Dungeon Overview and Level Annotations

Branches:
Dungeon (3/15)

Altars:
Ru


Innate Abilities, Weirdness & Mutations

You are resistant to torment.
Your stone body is resilient. (AC +3)
You are immune to poison.
You resist negative energy. (rN+)
You are resistant to electric shocks. (rElec)
You can survive without breathing.
You are immune to petrification.
You are immune to rotting.


Message History

The kobold completely misses you. The bat hits you but does no damage.
Things that are here:
a +0 short sword; an orc corpse You are too injured to fight recklessly!
A red film seems to cover your vision as you go berserk!
You feel yourself moving faster!
You feel mighty!
You feel quite a bit more hungry. The bat completely misses you.
The bat barely misses you.
The kobold hits you with a +0 short sword.
The orc hits you with a +0 club. The orc priest barely misses you.
You riposte.
You slash the orc priest!
The orc priest is severely wounded.
The bat barely misses you.
You completely miss the orc priest.
The orc priest is severely wounded.
The bat misses you. The kobold completely misses you.
The orc barely misses you.
The orc priest invokes the aid of Beogh against you.
Beogh smites you!
You die...

# #.# # #.# # #.# # ##.#
# #..#### #####
#####.....###... #
............#.#####.#
.##...#..#......K...#
.##...........b.@##.
.#..#......#..##ooo.....
.#(...........#####.###.
.#.............. #
##..#......#.....
##..........####
#...#..#...# ... ...


You could see an orc priest, 2 orcs, a bat and a kobold.

Vanquished Creatures
  A gnoll (D:1)
  An adder (D:2)
  A dart slug (D:1)
  A worm (D:2)
  2 orcs (D:3)
  3 goblins
  5 hobgoblins
  3 bats (D:1)
  A frilled lizard (D:1)
  5 kobolds
  3 rats
26 creatures vanquished.

Notes
Turn   | Place    | Note
-------+----------+-------------------------------------------
     0 | D:1      | Borgoz the Gargoyle Berserker began the quest for the Orb.
     0 | D:1      | Reached XP level 1. HP: 14/14 MP: 1/1
   439 | D:1      | Reached XP level 2. HP: 19/19 MP: 2/2
  1123 | D:2      | Reached XP level 3. HP: 23/23 MP: 3/3
  1126 | D:2      | Found a sacrificial altar of Ru.
  1330 | D:2      | Found a faded altar of an unknown god.
  2072 | D:3      | Killed from afar by an orc priest

Levels and vault maps discovered:
D:1:      dpeg_arrival_rooms_a, layout_basic
D:2:      layout_rooms, chequers_ecumenical_altar_simple_redux, serial_forest,
          infiniplex_forest_clump_double, infiniplex_forest_straight_2,
          infiniplex_forest_end_3, infiniplex_forest_lined_3,
          infiniplex_forest_3_way, infiniplex_forest_lined_ring,
          infiniplex_forest_lined_room_, infiniplex_forest_lined_2,
          nicolae_ru_sacrificial_ziggurat
D:3:      layout_loops_cross, first_ration, minmay_misc_feat_plants,
          chequers_hall_statues_y, uniq_jessica

Skill      XL: |  1  2  3 |
---------------+----------+-----
Long Blades    | 3 |  3.2
Dodging        | 2 |  2.2
Armour         | 3 |  3.1
Fighting       | |  3.2

Action                   || total
-------------------------++-------
Melee: Falchion          ||    82
Invok: Berserk           ||     2
 Stab: Sleeping          ||     1
  Eat: Chunk             ||     8
Armor: Animal skin       ||    38
Dodge: Dodged            ||    66
       Rpst.: Falchion   ||    27

Table legend:
 A = Non-vault XP
 B = Vault XP
 C = Vault XP percentage of total XP
 D = Non-vault monster count
 E = Vault monster count
 F = Vault count percentage of total count
                 A         B        C        D         E       F
            +---------+---------+-------+---------+---------+-------
      Total |      74 |       0 |   0.0 |      26 |       0 |   0.0
            +---------+---------+-------+---------+---------+-------
        D:1 |      32 |       0 |   0.0 |      11 |       0 |   0.0
        D:2 |      31 |       0 |   0.0 |      10 |       0 |   0.0
        D:3 |      11 |       0 |   0.0 |       5 |       0 |   0.0
            +---------+---------+-------+---------+---------+-------
